Map: Eternal Empire LE

Players

Namshar

  • Race: Zerg Zerg
  • Spawn Location: 1:00

SpeCial - Winner!

  • Race: Terran Terran
  • Spawn Location: 7:00

Event: IEM Katowice 2020

VOD

Have the link to the VOD?

Description

Time

  • Played on: Feb. 25, 2020, 5:50 a.m.
  • Length: 16:14

All games in this series

Show
View Real Time Build Order
Export as new Build Order

Namshar Zerg 

Build Orders: Hatch First, Swarm Host 

Get SALT Encoding   

  12  0:00  Drone  
  13  0:12  Overlord  
  13  0:16  Drone  
  14  0:30  Drone x2  
  16  0:48  Hatchery  
  15  0:52  Drone  
  15  0:55  Drone  
  17  0:58  Drone  
  18  1:09  Extractor  
  17  1:14  Spawning Pool  
  17  1:17  Drone  
  17  1:21  Drone  
  18  1:28  Drone  
  19  1:39  Drone  
  20  1:49  Drone  
  21  2:00  Queen x2  
  25  2:01  Zergling x4  
  27  2:14  Hatchery  
  26  2:19  Overlord  
  27  2:22  Drone  
  27  2:26  Drone  
  28  2:33  Metabolic Boost  
  28  2:39  Drone  
  28  2:40  Drone  
  30  2:46  Overlord  
  30  2:48  Drone  
  31  2:52  Drone  
  31  2:56  Drone x2  
  34  3:04  Pneumatized Carapace  
  34  3:05  Drone  
  34  3:06  Drone  
  34  3:12  Drone x2  
  38  3:13  Drone  
  38  3:15  Drone  
  38  3:18  Queen  
  42  3:22  Overlord  
  43  3:27  Drone x2  
  43  3:31  Queen  
  46  3:37  Zergling x2  
  46  3:40  Zergling x4  
  49  3:46  Overlord  
  49  3:48  Zergling x2, Drone  
  50  3:49  Drone x3  
  50  3:54  Queen  
  56  3:57  Overlord  
  56  4:04  Overlord x2  
  56  4:08  Queen  
  58  4:16  Overlord  
  58  4:18  Drone  
  58  4:20  Baneling Nest  
  58  4:21  Drone x4  
  62  4:37  Drone x7  
  69  4:41  Lair  
  69  4:42  Drone  
  69  4:43  Drone x3  
  73  4:52  Spore Crawler  
  72  4:53  Spore Crawler  
  72  4:54  Spore Crawler, Extractor  
  72  4:56  Extractor  
  72  4:57  Drone  
  72  4:58  Drone x5, Extractor  
  73  5:05  Overlord  
  73  5:06  Drone x2  
  75  5:10  Evolution Chamber  
  75  5:11  Drone x3  
  75  5:13  Evolution Chamber  
  76  5:17  Drone x3  
  76  5:18  Drone x3  
  76  5:21  Queen  
  82  5:22  Baneling x2  
  82  5:25  Drone  
  83  5:31  Drone  
  83  5:35  Drone  
  84  5:36  Drone x3  
  86  5:50  Hatchery  
  86  5:52  Zergling x2  
  86  5:53  Zergling x8  
  86  5:58  Zerg Melee Weapons Level 1, Zerg Ground Armor Level 1  
  86  6:03  Extractor  
  85  6:04  Overlord  
  85  6:06  Drone x2  
  85  6:07  Drone x2  
  85  6:08  Extractor  
  88  6:16  Drone  
  88  6:17  Zergling x2  
  90  6:19  Overlord x2  
  90  6:21  Drone  
  90  6:22  Drone x2  
  90  6:25  Zergling x4  
  93  6:32  Zergling x2  
  93  6:33  Zergling x4  
  93  6:34  Queen  
  93  6:35  Zergling x2  
  93  6:46  Drone  
  81  6:47  Drone x8  
  83  6:58  Unknown  
  83  7:00  Drone  
  83  7:01  Drone x2  
  85  7:07  Roach Warren, Drone x2  
  86  7:09  Queen  
  86  7:14  Centrifical Hooks  
  88  7:18  Zergling x8  
  90  7:26  Zergling x10  
  95  7:33  Zergling x2  
  95  7:34  Zergling x10  
  95  7:47  Queen  
  95  7:48  Zergling x20  
  102  7:58  Zergling x10  
  96  7:59  Zergling x4  
  100  8:07  Roach x5  
  100  8:10  Glial Reconstitution  
  100  8:11  Zerg Missile Weapons Level 1, Zerg Melee Weapons Level 2  
  110  8:21  Baneling x5  
  110  8:23  Infestation Pit  
  109  8:29  Drone  
  109  8:30  Drone  
  109  8:32  Overlord, Drone  
  109  8:33  Overlord x5  
  112  8:35  Nydus Network  
  112  8:41  Hatchery  
  101  8:53  Ravager x4  
  101  8:54  Zergling x2, Ravager, Roach x3  
  101  8:55  Zergling x10, Roach  
  116  8:58  Drone x4  
  110  9:15  Drone x8  
  117  9:23  Ravager  
  118  9:24  Overlord  
  116  9:32  Swarm Host  
  116  9:33  Swarm Host x7  
  120  9:45  Drone x2  
  120  9:46  Drone x4  
  123  9:54  Drone  
  123  9:55  Drone  
  123  9:56  Drone x3  
  124  10:09  Zerg Missile Weapons Level 2  
  124  10:11  Zergling x6  
  124  10:12  Zergling x6  
  129  10:16  Roach x4  
  129  10:17  Ravager x3  
  137  10:22  Roach x3  
  138  10:31  Roach x4  
  139  10:37  Ravager  
  139  10:39  Roach x4  
  134  10:45  Ravager  
  134  10:46  Ravager x2, Roach  
  134  10:47  Roach x2  
  129  10:52  Ravager  
  128  10:58  Roach  
  128  10:59  Roach x3  
  128  11:03  Ravager x3  
  133  11:11  Ravager x4  
  135  11:16  Ravager  
  120  11:32  Drone x10  
  123  11:33  Drone x5  
  123  11:35  Unknown  
  127  11:40  Nydus Canal  
  127  11:43  Drone x2  
  127  11:44  Drone  
  130  11:48  Ravager, Extractor  
  130  11:49  Ravager  
  130  11:52  Swarm Host x5  
  144  12:10  Drone  
  144  12:11  Drone x4  
  144  12:12  Swarm Host x4  
  144  12:13  Overlord  
  154  12:40  Hive  
  154  12:43  Nydus Canal  
  154  12:55  Extractor  
  154  12:56  Drone  
  154  12:58  Zerg Ground Armor Level 2  
  149  13:02  Roach x3  
  149  13:03  Overlord, Roach  
  149  13:04  Overlord x5  
  151  13:06  Zergling x2, Drone x2  
  151  13:07  Zergling x8  
  148  13:29  Baneling x6  
  146  13:37  Zergling x8, Roach  
  146  13:38  Zergling x8  
  146  13:39  Nydus Canal  
  146  13:53  Drone x4  
  149  13:58  Nydus Canal  
  146  14:15  Drone x3  
  149  14:17  Ravager, Baneling x7  
  149  14:18  Ravager x2  
  152  14:24  Drone x3  
  152  14:25  Nydus Canal  
  152  14:28  Zergling x6  
  152  14:29  Zergling x2  
  152  14:30  Baneling x4  
  152  14:31  Baneling x3  
  159  14:37  Zergling x10  
  157  14:41  Nydus Canal  
  149  14:54  Ravager  
  149  14:59  Drone  
  151  15:05  Zergling x8, Roach  
  151  15:06  Zergling x6  
  143  15:10  Drone  
  127  15:15  Roach x2  
  127  15:20  Nydus Canal  
  131  15:22  Drone x2  
  130  15:30  Baneling  
  130  15:31  Baneling x6  
  130  15:37  Baneling  
  130  15:39  Zergling x2  
  130  15:40  Zergling x8, Roach  
  137  15:48  Zergling x4, Roach  
  126  15:51  Zergling x2  
  124  15:58  Ravager x2  
  117  16:08  Nydus Canal  
Show
View Real Time Build Order
Export as new Build Order

SpeCial Terran - Winner!

Build Orders: Liberator Opening, Reaper Expand 

Get SALT Encoding   

  12  0:00  SCV  
  13  0:12  SCV  
  14  0:18  Supply Depot  
  14  0:25  SCV  
  15  0:39  SCV  
  15  0:42  Barracks  
  16  0:43  Refinery  
  16  0:51  SCV  
  17  1:03  SCV  
  18  1:16  SCV  
  19  1:29  Reaper, Orbital Command  
  20  1:40  Command Center  
  20  1:53  Supply Depot  
  20  1:55  SCV  
  21  2:01  Marine  
  21  2:06  Factory  
  21  2:08  SCV  
  23  2:14  Refinery  
  23  2:21  SCV, Barracks Reactor  
  24  2:33  SCV  
  25  2:45  SCV  
  26  2:51  Starport  
  26  2:52  Orbital Command  
  26  2:58  SCV  
  27  3:10  SCV  
  27  3:12  Command Center  
  28  3:15  Hellion  
  28  3:19  Hellion  
  32  3:21  SCV  
  32  3:23  SCV  
  34  3:29  Viking  
  34  3:32  Marine  
  37  3:37  SCV x2  
  39  3:44  Hellion  
  39  3:46  Supply Depot  
  39  3:48  Hellion  
  43  3:51  SCV  
  43  3:52  SCV  
  43  3:54  Barracks Tech Lab  
  45  4:03  SCV  
  45  4:07  SCV, Liberator  
  50  4:11  Supply Depot  
  50  4:13  Hellion  
  50  4:14  Hellion  
  54  4:23  SCV x2  
  56  4:27  Supply Depot  
  56  4:36  Hellion x2  
  56  4:37  SCV x2  
  59  4:38  Orbital Command  
  59  4:42  Supply Depot  
  59  4:49  SCV x2  
  59  4:52  Supply Depot  
  61  4:57  Hellion  
  61  4:58  Hellion  
  65  5:01  SCV  
  65  5:02  SCV  
  67  5:08  Factory x2, Barracks Tech Lab  
  67  5:10  SCV  
  67  5:14  SCV  
  69  5:19  Hellion x2, Refinery x2  
  69  5:20  SCV  
  74  5:27  SCV, Orbital Command  
  73  5:37  Supply Depot  
  73  5:38  SCV  
  73  5:40  SCV, Hellion x2  
  79  5:48  Supply Depot  
  79  5:49  Armory  
  79  5:50  SCV  
  79  5:52  SCV  
  77  5:58  SCV  
  77  6:02  SCV, Hellion x2  
  80  6:04  SCV  
  80  6:07  Cyclone x2  
  80  6:10  SCV  
  80  6:11  Supply Depot  
  88  6:15  SCV  
  88  6:17  SCV  
  90  6:18  Infernal Pre-Igniter  
  90  6:22  SCV  
  90  6:23  Hellion x2  
  95  6:27  Barracks Tech Lab  
  95  6:28  Factory  
  95  6:29  Starport Reactor  
  95  6:30  Factory  
  95  6:31  SCV  
  95  6:32  SCV  
  95  6:36  SCV  
  96  6:43  SCV  
  96  6:44  SCV, Hellion x2  
  96  6:49  SCV  
  96  6:50  Cyclone x2  
  95  6:55  SCV, Refinery x2  
  95  6:56  Terran Vehicle Weapons Level 1  
  95  6:57  SCV  
  95  6:58  Supply Depot x2  
  97  7:04  Mag-Field Accelerator  
  97  7:05  SCV  
  97  7:06  Hellion x2  
  97  7:07  SCV  
  103  7:09  SCV  
  104  7:17  SCV  
  104  7:19  SCV  
  104  7:21  SCV  
  105  7:23  Starport Reactor  
  105  7:28  Hellion x4  
  109  7:31  Cyclone x3  
  109  7:33  SCV x3  
  119  7:39  Command Center  
  119  7:48  Supply Depot  
  119  7:49  Supply Depot  
  119  7:51  Hellion x3, Engineering Bay  
  125  7:52  Hellion  
  118  8:03  Cyclone x2  
  118  8:05  Hellion  
  113  8:12  Hellion x2  
  116  8:17  Liberator x2  
  122  8:21  Supply Depot  
  122  8:22  Supply Depot  
  122  8:26  Hellion x2, Cyclone  
  129  8:29  Armory  
  129  8:34  Hellion  
  131  8:37  Siege Tank x2  
  137  8:45  Supply Depot  
  137  8:56  Terran Vehicle Weapons Level 2  
  137  8:58  Siege Tank  
  137  9:00  Hellion, Liberator x2  
  148  9:03  Hellion  
  148  9:04  Hellion  
  148  9:05  Hellion  
  154  9:13  Cyclone  
  154  9:14  Hellion  
  149  9:17  Command Center  
  149  9:19  Terran Vehicle And Ship Armor Level 1  
  149  9:30  Hellion x2  
  149  9:31  Hellion x2  
  157  9:34  Siege Tank  
  157  9:35  Siege Tank  
  161  9:43  Liberator  
  147  9:48  Hellion  
  147  9:52  Hellion  
  138  10:01  Planetary Fortress  
  138  10:04  Hellion x3  
  138  10:06  Siege Tank  
  147  10:07  Siege Tank  
  147  10:09  Hellion, Liberator  
  155  10:16  Hellion  
  155  10:19  Missile Turret  
  154  10:21  Unknown  
  154  10:25  Hellion x3  
  152  10:29  Factory x2  
  141  10:37  Hellion  
  129  10:44  Cyclone x2  
  129  10:45  Hellion  
  129  10:46  Hellion  
  129  10:47  Hellion x2  
  132  10:59  Hellion  
  132  11:02  Unknown  
  132  11:03  SCV x3  
  128  11:06  Hellion  
  128  11:08  Hellion x3  
  133  11:15  SCV  
  131  11:20  Hellion  
  131  11:21  Terran Vehicle And Ship Armor Level 2  
  131  11:25  Cyclone  
  116  11:26  Cyclone  
  116  11:29  Hellion  
  116  11:30  Hellion  
  116  11:31  Factory Tech Lab x2  
  111  11:32  Cyclone  
  111  11:39  Planetary Fortress  
  111  11:42  Hellion  
  111  11:44  Hellion  
  115  11:50  Cyclone  
  115  11:51  Hellion  
  115  11:53  Cyclone  
  123  11:56  Hellion  
  123  11:57  Cyclone  
  123  11:58  Cyclone  
  131  12:03  Hellion  
  131  12:05  Terran Vehicle Weapons Level 3  
  133  12:12  Hellion  
  133  12:13  Hellion  
  135  12:16  Liberator  
  135  12:18  Liberator  
  135  12:20  Cyclone, Refinery  
  135  12:21  Refinery  
  135  12:22  Supply Depot, Cyclone  
  145  12:24  Hellion  
  145  12:25  SCV x2  
  149  12:33  Hellion  
  149  12:34  Hellion x2  
  151  12:41  Cyclone x3  
  160  12:49  Supply Depot  
  162  12:51  Hellion  
  162  12:52  Cyclone  
  162  12:54  Cyclone  
  162  12:55  Hellion  
  167  12:59  Liberator  
  167  13:01  Liberator  
  167  13:02  Hellion  
  173  13:10  Hellion  
  173  13:13  Cyclone x3  
  182  13:21  Hellion  
  182  13:24  Cyclone  
  182  13:25  Command Center  
  185  13:32  Hellion x2  
  189  13:39  Cyclone  
  187  13:45  Cyclone x2  
  187  13:53  Sensor Tower  
  187  13:54  Starport Tech Lab  
  184  13:56  Hellion, Cyclone  
  184  14:00  Hellion, Sensor Tower  
  191  14:11  Hellion x2, Cyclone  
  191  14:15  Smart Servos  
  191  14:16  Raven, Corvid Reactor  
  200  14:37  Hellion, Cyclone  
  195  14:40  Cyclone x2  
  195  14:45  Hellion  
  190  14:46  Hellion  
  190  14:48  Hellion, Cyclone x2  
  198  14:59  Hellion  
  200  15:06  Hellion  
  190  15:08  Hellion  
  190  15:09  Hellion  
  190  15:10  Hellion, Raven  
  190  15:12  Cyclone, Hellbat  
  190  15:19  Planetary Fortress  
  190  15:20  Hellion, Cyclone  
  189  15:29  Hellion  
  189  15:30  Cyclone  
  189  15:34  Hellion  
  189  15:35  Hellion  
  194  15:48  Hellion x2  
  186  15:51  SCV  
  186  15:55  Command Center  

Tags
 
Add a new tag
Caveats
  • Supply blocks, unpowered buildings, or Contaminate may cause inaccurate times.
  • Supply counts are checked every 10 seconds.